 Dungeon Crawl Stone Soup version 0.28.0-53-g5a82cb258f (webtiles) character file.

Game seed: 15280278009012015497

0 shadowstone the Conjurer (level 1, 0/10 HPs)
             Began as a Tengu Conjurer on June 5, 2022.
             Slain by a kobold
             ... wielding a +0 dagger
              (1 damage)
             ... on level 1 of the Dungeon.
             The game lasted 00:00:52 (259 turns).

shadowstone the Conjurer (Tengu Conjurer)            Turns: 259, Time: 00:00:52

Health: 0/10       AC:  2    Str:  7    XL:     1   Next: 10%
Magic:  4/4        EV: 12    Int: 18    God:
Gold:   14         SH:  0    Dex: 12    Spells: 3/4 levels left

rFire   . . .      SeeInvis .   (no weapon)
rCold   . . .      Faith    .   (no shield)
rNeg    . . .      Spirit   .   a - +0 robe
rPois   .          Reflect  .   (helmet restricted)
rElec   .          Harm     .   (no cloak)
rCorr   .          Rampage  .   (no gloves)
Will    .....                   (boots unavailable)
Stlth   ++........              (no amulet)
HPRegen 0.03/turn               (no ring)
MPRegen 0.09/turn               (no ring)

@: no status effects
A: beak, talons 3
a: no special abilities


You were on level 1 of the Dungeon.
You visited 1 branch of the dungeon, and saw 1 of its levels.

You collected 14 gold pieces.

Inventory:

Armour
 a - a +0 robe (worn)
Scrolls
 b - a scroll of teleportation {unknown}


   Skills:
 + Level 2.1 Dodging
 + Level 2.0 Stealth
 + Level 2.0 Spellcasting
 + Level 5.3 Conjurations


You had 3 spell levels left.
You knew the following spells:

 Your Spells              Type           Power      Damage    Failure   Level
a - Magic Dart            Conj           84%        1d7       1%          1

Your spell library contained the following spells:

 Spells                   Type           Power      Damage    Failure   Level
 Searing Ray              Conj           42%        2d6       3%          2
 Dazzling Flash           Conj/Hex       22%        N/A       19%         3
 Fulminant Prism          Conj/Hex       5%         3d7       52%         4
 Iskenderun's Mystic Bla  Conj/Tloc      11%        2d4       52%         4


Dungeon Overview and Level Annotations

Branches:
Dungeon (1/15)

Altars:


Innate Abilities, Weirdness & Mutations

You have a beak for a mouth.
You have claws for feet.


Message History

You closely miss the frilled lizard. You claw the frilled lizard.
You kill the frilled lizard!
You see here a frilled lizard corpse.
You start resting.
HP restored.
You now have 14 gold pieces (gained 2).
An endoplasm comes into view.
A kobold comes into view. It is wielding a +0 dagger.
The kobold shouts!
A ball python comes into view.
You see here a frilled lizard corpse.
The kobold hits you but does no damage. The kobold barely misses you.
Found 11 gold pieces.
The kobold hits you with a +0 dagger.
You see here 11 gold pieces.
The kobold barely misses you.
You barely miss the kobold. The kobold closely misses you.
You barely miss the kobold. The kobold closely misses you.
You hit the kobold. Your kick misses the kobold.
The kobold is moderately wounded.
The kobold barely misses you.
You barely miss the kobold. Your kick misses the kobold.
The kobold is moderately wounded.
The kobold completely misses you.
You hit the kobold but do no damage. You claw the kobold, but do no damage.
The kobold is moderately wounded.
The kobold hits you with a +0 dagger.
You hit the kobold.
The kobold is severely wounded.
The kobold hits you with a +0 dagger.
* * * LOW HITPOINT WARNING * * *
You completely miss the kobold. You claw the kobold, but do no damage.
The kobold is severely wounded.
The kobold hits you with a +0 dagger.
* * * LOW HITPOINT WARNING * * *
You hit the kobold but do no damage. You peck the kobold, but do no damage.
The kobold is severely wounded.
The kobold hits you with a +0 dagger.
You die...

#.#
.................
#.#####
####....<....#####
#.....#
#.###.......##
#####.# #.#
######### #.# #.#
#.# #.# #$# #.#
#.########.#
#........K@#
############


You could see a kobold.

Vanquished Creatures
  A frilled lizard (D:1)
1 creature vanquished.

Notes
Turn   | Place    | Note
-------+----------+-------------------------------------------
     0 | D:1      | shadowstone the Tengu Conjurer began the quest for the Orb.
     0 | D:1      | Reached XP level 1. HP: 10/10 MP: 4/4
   259 | D:1      | Slain by a kobold

Illustrated notes

Levels and vault maps discovered:
D:1:      giann_wishing_wells, layout_loops_ring, minmay_domino_2

Action                   || total
-------------------------++-------
Melee: Unarmed           ||    10
       Kick              ||     3
       Peck              ||     1
Armor: Robe              ||     1
Dodge: Dodged            ||     7
